 Dungeon Crawl Stone Soup version 0.28.0-43-g3370ac3207 (webtiles) character file.

Game seed: 9613860989626492017

76106 tizbic2 the Frost Mage (level 14, -4/118 HPs)
             Began as a Demigod Ice Elementalist on Mar 27, 2022.
             Slain by a balrug
             ... wielding a +0 demon whip
             ... summoned by Asterion
              (12 damage)
             ... on level 1 of the Spider Nest.
             The game lasted 02:16:42 (18932 turns).

tizbic2 the Frost Mage (Demigod Ice Elementalist)  Turns: 18932, Time: 02:16:44

Health: -4/118     AC: 26    Str: 13 (17) XL:     14   Next: 70%
Magic:  0/32       EV: 11    Int: 23 (25) God:
Gold:   815        SH:  0    Dex: 14 (17) Spells: 3/31 levels left

rFire   + . .      SeeInvis +   z - +1 hand axe (vamp)
rCold   x . .      Faith    .   (no shield)
rNeg    . . .      Spirit   .   g - +2 troll leather armour
rPois   +          Reflect  .   p - +2 helmet {SInv}
rElec   +          Harm     .   N - +2 cloak {Stlth+}
rCorr   .          Rampage  .   h - +0 pair of gloves "Zeidghuv" {rElec rPois Regen+}
Will    ++...                   t - +2 pair of boots
Stlth   +++.......              (no amulet)
HPRegen 1.89/turn               S - +4 ring of protection
MPRegen 0.23/turn               M - ring of Tievo {rF+ rC- Will+ Int+2 Dex+3}

@: spiked, freezing walls, invisible, unable to read
A: high MP 1, forlorn, divine attributes, iridescent scales 2, deterioration 1,
dopey 1, inability to read while threatened
a: no special abilities


You were on level 1 of the Spider Nest.
You visited 3 branches of the dungeon, and saw 16 of its levels.
You also visited: Volcano.

You collected 1094 gold pieces.
You spent 279 gold pieces at shops.

Inventory:

Hand Weapons
 c - a +2 battleaxe of freezing
 r - a +4 arbalest of flaming
 s - a +0 short sword of protection
 z - a +1 vampiric hand axe (weapon)
 D - a +1 dagger of venom
 K - a +0 whip of holy wrath
 L - a +2 antimagic hand axe
 R - a +3 scimitar of flaming
Missiles
 e - 89 bolts
 H - 4 throwing nets
Armour
 g - a +2 troll leather armour (worn)
 h - the +0 pair of gloves "Zeidghuv" (worn) {rElec rPois Regen+}
   (You found it in a volcano)

   rElec:     It insulates you from electricity.
   rPois:     It protects you from poison.
   Regen:     It increases your rate of health regeneration.
 p - a +2 helmet of see invisible (worn)
 t - a +2 pair of boots (worn)
 I - a +3 leather armour of fire resistance
 N - a +2 cloak of stealth (worn)
Magical Staves
 w - a staff of cold
Jewellery
 j - a +6 ring of strength
 l - a ring of positive energy
 y - a +4 ring of protection
 E - a +4 ring of evasion
 M - the ring of Tievo (right hand) {rF+ rC- Will+ Int+2 Dex+3}
   (You found it on level 3 of the Dungeon)

   [ring of willpower]

   Int:       It affects your intelligence (+2).
   Dex:       It affects your dexterity (+3).
   rF:        It protects you from fire.
   rC:        It makes you vulnerable to cold.
   Will:      It increases your willpower.
 S - a +4 ring of protection (left hand)
 Y - a +6 ring of strength
Wands
 a - a wand of polymorph (12)
 u - a wand of iceblast (13)
 v - a wand of flame (3)
 A - a wand of acid (7)
 X - a wand of paralysis (8)
Scrolls
 b - 4 scrolls of fog
 d - 2 scrolls of holy word
 i - 2 scrolls of fear
 k - a scroll of blinking
 o - 8 scrolls of teleportation
 q - 2 scrolls of immolation
 B - 3 scrolls of magic mapping
 F - 4 scrolls of silence
 O - a scroll of vulnerability
 Q - a scroll of torment
 V - 4 scrolls of amnesia
 Z - a scroll of noise {unknown}
Potions
 m - a potion of lignification
 n - a potion of berserk rage {unknown}
 x - a potion of resistance
 J - a potion of mutation
 U - a potion of flight
 W - 4 potions of cancellation
Miscellaneous
 T - a phial of floods


   Skills:
 + Level 9.4 Fighting
 - Level 10.5 Axes
 * Level 6.8 Staves
 + Level 6.8 Armour
 - Level 1.7 Dodging
 - Level 1.7 Stealth
 + Level 9.4 Spellcasting
 * Level 3.9 Conjurations
 - Level 4.7 Summonings
 - Level 4.8 Necromancy
 - Level 3.1 Translocations
 - Level 4.2 Transmutations
 + Level 12.1 Ice Magic
 + Level 4.7 Evocations


You had 3 spell levels left.
You knew the following spells:

 Your Spells              Type           Power      Damage    Failure   Level
a - Freeze                Ice            100%       1d11      1%          1
b - Frozen Ramparts       Ice            100%       1d12      1%          3
c - Ozocubu's Armour      Ice            61%        N/A       1%          3
d - Summon Ice Beast      Ice/Summ       49%        N/A       2%          4
e - Vampiric Draining     Necr           33%        2d8       3%          3
f - Animate Dead          Necr           16%        N/A       10%         4
g - Apportation           Tloc           50%        N/A       1%          1
h - Hailstorm             Conj/Ice       47%        3d11      2%          4
i - Freezing Cloud        Conj/Ice/Air   17%        6-21      22%         5

Your spell library contained the following spells:

 Spells                   Type           Power      Damage    Failure   Level
 Animate Skeleton         Necr           66%        N/A       1%          1
 Pain                     Necr           100%       1d9       1%          1
 Sublimation of Blood     Necr           33%        N/A       1%          2
 Ignite Poison            Fire/Tmut/Pois 17%        N/A       12%         3
 Mephitic Cloud           Conj/Pois/Air  16%        N/A       13%         3
 Ice Form                 Ice/Tmut       48%        N/A       2%          4
 Petrify                  Tmut/Erth      20%        N/A       30%         4
 Irradiate                Conj/Tmut      14%        3d18      36%         5
 Ozocubu's Refrigeration  Ice            30%        4d11      41%         7
 Borgnjor's Vile Clutch   Necr/Erth      10%        N/A       58%         5
 Alistair's Intoxication  Tmut/Pois      13%        N/A       65%         5
 Death Channel            Necr           16%        N/A       83%         6


Dungeon Overview and Level Annotations

Branches:
Dungeon (9/15)             Temple (0/1) D:6            Lair (6/6) D:9
 Shoals (0/4) Lair:2       Spider (1/4) Lair:2        Slime (0/5) Lair:5
Volcano (visited)
    Orc: D:9-12

Shops:
D:7 :   D:8 [

Annotations:
Lair:4 exclusion: ice statue
Spider:1 Asterion


Innate Abilities, Weirdness & Mutations

You have an increased reservoir of magic. (+10% MP)
You shall have no god before yourself.
Your divine heritage dramatically boosts your attributes as you level up.
You are mostly covered in iridescent scales. (AC +4)
Your body sometimes deteriorates upon taking damage.
You are dopey. (Int -2)
You sometimes lose the ability to read scrolls when taking damage.


Message History

You hit the steelbarb worm but do no damage.
The ghost moth hits you but does no damage.
The ghost moth barely misses you.
The ghost moth stings you but does no damage.
The wolf spider closely misses you.
The wolf spider bites you but does no damage.
The wall freezes Asterion.
The wall freezes the steelbarb worm.
The steelbarb worm hits you but does no damage.
Unknown command.
You hit the ghost moth but do no damage.
The ghost moth is lightly wounded.
You closely miss the steelbarb worm. You hit the wolf spider.
You feel better. The wolf spider hits you! The wolf spider bites you.
The ghost moth hits you but does no damage. x2
The ghost moth barely misses you.
The wall freezes Asterion but does no damage.
The wall freezes the steelbarb worm.
The steelbarb worm hits you but does no damage.
You cannot read scrolls in your current state!
You fade into invisibility!
The wolf spider closely misses you.
The wolf spider bites you but does no damage.
The wall freezes Asterion.
The ghost moth hits you!
* * * LOW HITPOINT WARNING * * *
You feel clumsy.
The ghost moth hits you but does no damage.
The ghost moth closely misses you.
The wall freezes the steelbarb worm!
The steelbarb worm hits you!
* * * LOW HITPOINT WARNING * * *
Barbed spikes become lodged in your body.
The wolf spider misses you. The wolf spider closely misses you.
The wall freezes Asterion but does no damage.
You feel better. The ghost moth hits you.
* * * LOW HITPOINT WARNING * * *
The ghost moth barely misses you.
The ghost moth stings you but does no damage.
The balrug hits you with a +0 demon whip!
* * * LOW HITPOINT WARNING * * *
You are engulfed in flames!
You resist.
You die...

#..).##
#......#.##
##..##
...(...#†###
####
......##...#
....###....#
.#.###.....#
###.#.....# .
#.......###
....#.ys2....#
#....Hw@.....#
###§..##...###
#§○§..
.......# .#...
##......# #.
.......# #
#.......#
...^.#..#
#....####


You could see Asterion (fast), a balrug (summoned), a ghost moth (invisible), a
steelbarb worm and a wolf spider.

Vanquished Creatures
  A red draconian (Volcano)
  A fire dragon (Lair:6)
  Harold (D:7)
  3 boulder beetles
  3 hydras
  3 dancing weapons
  3 two-headed ogres (D:9)
  Erica (D:8)
  17 death yaks
  A fire crab (Lair:4)
  A sun moth (Spider:1)
  A steelbarb worm (Lair:2)
  A wolf spider (Spider:1)
  3 elephants
  Joseph (D:7)
  A torpor snail (Lair:6)
  4 black mambas (Lair:6)
  7 komodo dragons
  3 demonic crawlers (Spider:1)
  15 cane toads
  A yaktaur (Volcano)
  7 rime drakes
  A freezing wraith (Lair:4)
  10 polar bears
  A troll (D:9)
  A hornet (D:8)
  A slime creature (Lair:5)
  Prince Ribbit (D:8)
  5 tarantellas (Spider:1)
  Grinder (D:6)
  21 blink frogs
  8 dream sheep (Lair:6)
  A snapping turtle (Lair:2)
  3 jumping spiders (Spider:1)
  A shadow (D:8)
  37 yaks
  3 culicivoras (Spider:1)
  A wraith (D:6)
  2 wyverns
  8 redbacks (Spider:1)
  5 basilisks
  A steam dragon (Lair:6)
  2 vampire mosquitoes
  16 water moccasins
  An acid dragon (Lair:6)
  2 sky beasts
  3 orc warriors
  3 black bears
  9 ice beasts (Lair:4)
  13 wolves
  5 centaurs
  A phantom (D:5)
  3 bullfrogs
  2 gnoll sergeants
  4 scorpions
  8 killer bees
  14 wights
  An electric eel (Lair:3)
  A crimson imp (D:7)
  A bullfrog zombie (D:5)
  3 hounds
  A centaur zombie (D:8)
  A jelly (Lair:5)
  A bullfrog skeleton (D:5)
  3 orc priests
  A centaur skeleton (D:7)
  Jessica (D:2)
  3 iguanas
  Ijyb (D:3)
  A hell rat (Lair:6)
  5 orc wizards
  A scorpion zombie (D:5)
  2 killer bee zombies
  A howler monkey zombie (D:9)
  A howler monkey skeleton (D:5)
  12 gnolls
  8 adders
  2 shadow imps
  4 white imps
  2 ufetubi
  2 dart slugs
  A worm (D:3)
  21 orcs
  A bat (D:1)
  13 endoplasms
  2 giant cockroaches
  6 goblins
  4 hobgoblins
  3 quokkas
  7 ball pythons
  A frilled lizard (D:2)
  9 kobolds
  5 rats
  A bush (D:8)
410 creatures vanquished.

Vanquished Creatures (collateral kills)
  3 hydras
  3 boulder beetles
  A centaur warrior (Volcano)
  3 death yaks
  A swamp dragon (Lair:6)
  A lindwurm (Lair:6)
  A wolf spider (Spider:1)
  2 elephants
  A demonic crawler (Spider:1)
  5 cane toads
  2 rime drakes (Lair:6)
  2 komodo dragons
  A yaktaur (Volcano)
  3 polar bears
  3 tarantellas
  8 blink frogs
  7 yaks
  2 wyverns
  Grum (D:9)
  A steam dragon (Lair:6)
  3 basilisks
  4 redbacks
  2 acid dragons (Lair:6)
  2 water moccasins
  A wolf (Lair:6)
  A centaur (Volcano)
  A kobold brigand (D:9)
  2 bullfrogs
  A wight (D:9)
  4 electric eels
  2 jellies (Lair:5)
  2 iguanas (Lair:6)
  2 orc wizards
  An orc (D:8)
  2 kobolds (D:9)
81 creatures vanquished.

Vanquished Creatures (others)
  A butterfly (Lair:3)
  A demonic plant (D:1)
  43 fungi
  104 plants
149 creatures vanquished.

Grand Total: 640 creatures vanquished

Notes
Turn   | Place    | Note
-------+----------+-------------------------------------------
     0 | D:1      | tizbic2 the Demigod Ice Elementalist began the quest for
                  | the Orb.
     0 | D:1      | Reached XP level 1. HP: 14/14 MP: 5/5
   400 | D:1      | Reached XP level 2. HP: 22/22 MP: 7/7
   562 | D:1      | Reached skill level 4 in Ice Magic
   595 | D:1      | Reached skill level 1 in Fighting
   927 | D:2      | Reached XP level 3. HP: 18/28 MP: 8/8
  1095 | D:2      | Learned a level 3 spell: Frozen Ramparts
  1229 | D:2      | Noticed Jessica
  1233 | D:2      | Killed Jessica
  1234 | D:2      | Reached XP level 4. HP: 32/35 MP: 5/10
  1489 | D:2      | Learned a level 3 spell: Ozocubu's Armour
  1526 | D:3      | Noticed a bullfrog
  1539 | D:3      | Killed a bullfrog
  1683 | D:3      | Noticed Ijyb
  1693 | D:3      | Killed Ijyb
  1694 | D:3      | Reached skill level 5 in Ice Magic
  1694 | D:3      | Reached XP level 5. HP: 36/41 MP: 10/12
  2024 | D:3      | Identified the ring of Tievo {rF+ rC- Will+ Int+2 Dex+3}
  3103 | D:4      | Noticed a black bear
  3179 | D:4      | Killed a black bear
  3180 | D:4      | Reached skill level 1 in Summonings
  3386 | D:4      | Reached XP level 6. HP: 50/50 MP: 7/13
  3990 | D:5      | Entered Level 5 of the Dungeon
  4352 | D:5      | Reached XP level 7. HP: 53/56 MP: 8/15
  4355 | D:5      | Reached skill level 6 in Ice Magic
  4784 | D:6      | Noticed a wraith
  4802 | D:6      | Killed a wraith
  4940 | D:6      | Reached XP level 8. HP: 64/64 MP: 7/17
  5013 | D:6      | Found a staircase to the Ecumenical Temple.
  5445 | D:6      | Noticed Grinder
  5445 | D:6      | Paralysed by Grinder for 7 turns
  5504 | D:6      | HP: 2/66 [Grinder (6)]
  5531 | D:6      | HP: 1/66 [Grinder/nerve-wracking pain (11)]
  5541 | D:6      | Gained mutation: You have hidden genetic defects. [potion
                  | of mutation]
  5541 | D:6      | Gained mutation: You have a pair of small horns on your
                  | head. [potion of mutation]
  5541 | D:6      | Gained mutation: Your muscles are strong. (Str +2) [potion
                  | of mutation]
  5543 | D:6      | Killed Grinder
  5544 | D:6      | Reached skill level 7 in Ice Magic
  5985 | D:7      | Found Hetoa's Book Boutique.
  6043 | D:7      | Gained mutation: Your body sometimes deteriorates upon
                  | taking damage. [hidden defects]
  6090 | D:7      | Reached skill level 1 in Axes
  6111 | D:7      | Gained mutation: Your body often deteriorates upon taking
                  | damage. [hidden defects]
  6111 | D:7      | Lost mutation: You have hidden genetic defects. [hidden
                  | defects expressed]
  6205 | D:7      | Noticed Joseph
  6224 | D:7      | Killed Joseph
  6225 | D:7      | Reached XP level 9. HP: 23/72 MP: 10/19
  6471 | D:7      | Reached skill level 8 in Ice Magic
  6491 | D:7      | Learned a level 4 spell: Summon Ice Beast
  6889 | D:7      | Noticed Harold
  6904 | D:7      | Killed Harold
  6905 | D:7      | Reached skill level 5 in Fighting
  6905 | D:7      | Reached skill level 5 in Spellcasting
  6905 | D:7      | Reached skill level 1 in Necromancy
  7213 | D:8      | Lost mutation: Your muscles are strong. (Str +2) [potion of
                  | mutation]
  7213 | D:8      | Lost mutation: Your body often deteriorates upon taking
                  | damage. [potion of mutation]
  7213 | D:8      | Lost mutation: You have a pair of small horns on your head.
                  | [potion of mutation]
  7213 | D:8      | Gained mutation: You are dopey. (Int -2) [potion of
                  | mutation]
  7213 | D:8      | Gained mutation: You are partially covered in iridescent
                  | scales. (AC +2) [potion of mutation]
  7213 | D:8      | Gained mutation: You sometimes lose the ability to read
                  | scrolls when taking damage. [potion of mutation]
  7213 | D:8      | Gained mutation: You are mostly covered in iridescent
                  | scales. (AC +4) [potion of mutation]
  7605 | D:8      | Learned a level 3 spell: Vampiric Draining
  7607 | D:8      | Learned a level 1 spell: Pain
  7609 | D:8      | Noticed Prince Ribbit
  7632 | D:8      | Killed Prince Ribbit
  7633 | D:8      | Reached skill level 1 in Staves
  7994 | D:8      | Found Duyq's Armour Shoppe.
  7997 | D:8      | Bought a +2 cloak of stealth for 279 gold pieces
  8364 | D:8      | Noticed Erica
  8375 | D:8      | Killed Erica
  8376 | D:8      | Reached skill level 9 in Ice Magic
  8376 | D:8      | Reached XP level 10. HP: 35/81 MP: 7/21
  8790 | D:9      | Noticed a two-headed ogre
  8802 | D:9      | Reached skill level 5 in Axes
  8804 | D:9      | Killed a two-headed ogre
  9076 | D:9      | Noticed a two-headed ogre
  9084 | D:9      | Noticed a two-headed ogre
  9092 | D:9      | Killed a two-headed ogre
  9098 | D:9      | Killed a two-headed ogre
  9421 | D:9      | Noticed Grum
  9469 | D:9      | Killed Grum
  9606 | D:9      | Found a staircase to the Lair.
  9620 | D:9      | Noticed an elephant
  9637 | D:9      | Killed an elephant
  9976 | Lair:1   | Entered Level 1 of the Lair of Beasts
 10040 | Lair:1   | Reached XP level 11. HP: 45/89 MP: 17/24
 10132 | Lair:1   | Reached skill level 10 in Ice Magic
 10708 | Lair:1   | Learned a level 1 spell: Apportation
 11106 | Lair:1   | Identified a scroll of acquirement
 11108 | Lair:1   | Acquired a staff of cold
 11125 | Lair:1   | Learned a level 4 spell: Hailstorm
 11351 | Lair:2   | Noticed a five-headed hydra
 11359 | Lair:2   | Killed a three-headed hydra
 11407 | Lair:2   | Found a hole to the Spider Nest.
 12175 | Lair:2   | Found a staircase to the Shoals.
 12436 | Spider:1 | Entered Level 1 of the Spider Nest
 12436 | Spider:1 | Noticed a sun moth
 12465 | Lair:3   | Noticed a five-headed hydra
 12477 | Lair:3   | Killed a three-headed hydra
 12478 | Lair:3   | Reached skill level 1 in Armour
 12607 | Lair:3   | Noticed a boulder beetle
 12657 | Lair:3   | Killed a boulder beetle
 12658 | Lair:3   | Reached XP level 12. HP: 49/100 MP: 16/27
 13163 | Lair:3   | You fall into a shaft and drop 1 floor!
 13205 | Lair:4   | Reached skill level 1 in Translocations
 13473 | Lair:4   | Reached skill level 11 in Ice Magic
 13616 | Lair:4   | Reached skill level 1 in Transmutations
 14123 | Lair:4   | Reached XP level 13. HP: 107/107 MP: 23/29
 14498 | Lair:5   | Reached skill level 10 in Axes
 14700 | Lair:5   | Reached skill level 5 in Armour
 14880 | Lair:5   | Found a staircase to the Slime Pits.
 15052 | Lair:5   | Found a dark tunnel.
 15076 | Volcano  | Entered a volcano
 15094 | Volcano  | Identified the +0 pair of gloves "Zeidghuv" {rElec rPois
                  | Regen+}
 15145 | Volcano  | Noticed a red draconian
 15196 | Volcano  | Killed a red draconian
 15900 | Lair:6   | Entered Level 6 of the Lair of Beasts
 16031 | Lair:6   | Reached skill level 1 in Evocations
 16489 | Lair:6   | Reached skill level 5 in Staves
 16576 | Lair:6   | Reached XP level 14. HP: 97/116 MP: 13/31
 16664 | Lair:6   | Learned a level 4 spell: Animate Dead
 16944 | Lair:6   | Learned a level 5 spell: Freezing Cloud
 17122 | Lair:6   | Reached skill level 1 in Conjurations
 17968 | Spider:1 | Found a runed translucent door.
 18000 | Spider:1 | Reached skill level 12 in Ice Magic
 18915 | Spider:1 | Noticed a ghost moth
 18917 | Spider:1 | Noticed Asterion
 18929 | Spider:1 | Noticed a balrug
 18931 | Spider:1 | HP: 5/118 [steelbarb worm (17)]
 18932 | Spider:1 | Slain by a balrug

Illustrated notes

Levels and vault maps discovered:
D:1:      dpeg_arrival_three_same_balls, layout_loops_ring,
          shapermc_ecumenical_altar_gd
D:2:      layout_rooms, basic_altar, uniq_jessica
D:3:      layout_basic, uniq_ijyb
D:4:      layout_loops_cross
D:5:      layout_cave_pools, hangedman_decor_riveting, hangedman_glass_teeth
D:6:      minmay_general_purpose_star, layout_gridville,
          grunt_temple_overflow_forces_of_nature,
          minmay_temple_entry_mini_moons, chequers_serial_rivers_micro_d,
          uniq_grinder
D:7:      layout_rooms, makhleb_grotto_becter, mainiacjoe_overflow_catwalk,
          serial_shops, shop, uniq_joseph, uniq_harold
D:8:      layout_basic, gammafunk_temple_overflow_forgotten, serial_shops,
          kennysheep_mini, minmay_misc_feat_tiny, uniq_prince_ribbit1,
          uniq_erica
D:9:      layout_cave_pools, david_lair_generic, uniq_grum
Lair:1:   layout_long_grid, lemuel_fruit_tree, wad_woods_river_01
Lair:2:   layout_long_grid, minmay_shoals_entry_hut, dummy_spider_entry,
          cheibrodos_lair_lostbears, infiniplex_staircase_pool_2
Lair:3:   layout_roguey, serial_bayou_shore_a, grunt_megastairs_5,
          lemuel_fruit_fields
Lair:4:   layout_gridlike, ice2_lemuel
Lair:5:   layout_regular_city, minmay_slime_entry_pillars,
          lightli_volcano_entry_magma_tube
Lair:6:   hangedman_lair_in_review, layout_misc_corridors,
          guppyfry_lair_end_dragon, nicolae_quartered_pool_little,
          minmay_lair_drake_nest
Spider:1: cheibrodos_spider_deadly_dance, einodemon_crawler_minivault,
          uniq_asterion

Skill      XL: |  1  2  3  4  5  6  7  8  9 10 11 12 13 14 |
---------------+-------------------------------------------+-----
Spellcasting   | 2 3 4 5 6 7 8 9 |  9.4
Ice Magic      | 4 5 6 7 9 10 11 12 | 12.1
Fighting       | 1 2 3 4 5 6 7 8 9 |  9.4
Summonings     | 1 2 4 |  4.7
Axes           | 2 4 6 8 9 10 | 10.5
Necromancy     | 2 3 4 |  4.8
Staves         | 1 3 5 6 |  6.8
Armour         | 2 4 6 |  6.8
Translocations | 3 |  3.1
Transmutations | 1 4 |  4.2
Evocations     | 3 4 |  4.7
Conjurations   | 3 |  3.9
Dodging        | |  1.7
Stealth        | |  1.7

Action                   |  1- 3 |  4- 6 |  7- 9 | 10-12 | 13-15 || total
-------------------------+-------+-------+-------+-------+-------++-------
Melee: Quarterstaff      |    31 |       |       |       |       ||    31
       Unarmed           |     1 |     6 |       |       |       ||     7
       Spear             |    21 |     1 |       |       |       ||    22
       Punch             |     1 |       |    10 |     8 |    12 ||    31
       Short sword       |       |    72 |   111 |    46 |     9 ||   238
       Hand axe          |       |    75 |    91 |    80 |   180 ||   426
       Battleaxe         |       |       |    32 |   188 |   147 ||   367
       Headbutt          |       |       |     7 |       |       ||     7
       Whip              |       |       |    30 |    80 |    27 ||   137
       Dagger            |       |       |    25 |    36 |    17 ||    78
       Staff             |       |       |     8 |    19 |   175 ||   202
       Flail             |       |       |     5 |     6 |       ||    11
       Scimitar          |       |       |       |    10 |    41 ||    51
 Fire: Arbalest          |       |       |       |       |     4 ||     4
Throw: Stone             |       |    41 |       |    12 |       ||    53
       Dart              |       |       |     3 |       |       ||     3
       Throwing net      |       |       |       |       |     1 ||     1
 Cast: Freeze            |     9 |    17 |    14 |    21 |    45 ||   106
       Frozen Ramparts   |     4 |    19 |    31 |    36 |    41 ||   131
       Ozocubu's Armour  |       |    12 |    16 |    30 |    27 ||    85
       Summon Ice Beast  |       |       |     5 |    48 |    65 ||   118
       Vampiric Draining |       |       |       |    31 |    18 ||    49
       Pain              |       |       |       |     6 |       ||     6
       Apportation       |       |       |       |     2 |    14 ||    16
       Hailstorm         |       |       |       |     2 |     5 ||     7
       Freezing Cloud    |       |       |       |       |    17 ||    17
  Use: Scroll            |     2 |     5 |     4 |    11 |     9 ||    31
       Potion            |       |       |     9 |     4 |     7 ||    20
 Stab: Sleeping          |     2 |     1 |     2 |     2 |     1 ||     8
       Invisible         |       |       |       |     6 |    11 ||    17
       Distracted        |       |       |       |     3 |     5 ||     8
Armor: Ring mail         |    32 |    80 |   150 |       |       ||   262
       Scale mail        |       |     1 |       |       |       ||     1
       Skin              |       |       |     6 |       |    25 ||    31
       Troll leather arm |       |       |       |   384 |   650 ||  1034
       Robe              |       |       |       |    31 |       ||    31
       Leather armour    |       |       |       |       |    27 ||    27
Dodge: Dodged            |    25 |    97 |   162 |   417 |   566 ||  1267
